SAA
CHESAPEAKE CONTINENTALS @ PHOENIX HOTSPUR YOUTH
07/28/2037
 
TOP OF THE 1ST
Chesapeake Continentals batting - Pitching for Phoenix Hotspur Youth : RHP José Correa
Pitching: RHP José Correa
Batting: SHB Bob McDougle 0-0: Ball
1-0: Swinging Strike
1-1: Ball
2-1: Ball
3-1: Base on Balls
Batting: LHB Conor Gotaas 0-0: Called Strike
0-1: 2-RUN HOME RUN (Line Drive, 9D, EV 96.2 MPH), Distance : 369 ft
Batting: RHB Adam Smith 0-0: Ball
1-0: SINGLE (Groundball, 4D, EV 100.6 MPH)
Batting: RHB Lorenzo Varela 0-0: Ball
1-0: Ball
2-0: Ball
3-0: Base on Balls
Adam Smith to second
Batting: LHB Bud Randall 0-0: Swinging Strike
0-1: Ball
1-1: Ball
2-1: Ball
3-1: DOUBLE (Groundball, 3L, EV 100.6 MPH)
Adam Smith scores
Lorenzo Varela to third
Batting: RHB Manuel Márquez 0-0: Ball
1-0: Called Strike
1-1: Swinging Strike
1-2: Strikes out swinging
Batting: RHB Pat Hopkins 0-0: Fly out, F9 (Flyball, 89XD, EV 77.5 MPH)
Runner from 3rd tags up, SCORES, no throw by RF
Bud Randall to third
Batting: RHB Maurício Calabaa 0-0: Fly out, F8 (Flyball, 78M, EV 96.9 MPH)
Top of the 1st over - 4 runs, 3 hits, 0 errors, 1 left on base; Chesapeake 4 - Phoenix Hotspur 0
BOTTOM OF THE 1ST
Phoenix Hotspur Youth batting - Pitching for Chesapeake Continentals : RHP Brian Gardner
Pitching: RHP Brian Gardner
Batting: LHB Damian Alldred 0-0: Ball
1-0: Ground out U3 (Groundball, 34, EV 81.9 MPH)
Batting: LHB Carel Oskamp 0-0: Ball
1-0: Called Strike
1-1: Fly out, F9 (Flyball, 9D, EV 88.1 MPH)
Batting: RHB Peer Kattenberg 0-0: Ball
1-0: Ball
2-0: Called Strike
2-1: Ball
3-1: SOLO HOME RUN (Line Drive, 78XD, EV 98.8 MPH), Distance : 415 ft
Batting: LHB Pancho Coloma 0-0: Ball
1-0: Ball
2-0: Called Strike
2-1: SINGLE (Groundball, 6MD, EV 94.4 MPH)
Batting: RHB Nathan Pruitt 0-0: Called Strike
0-1: Called Strike
0-2: Ball
1-2: Ball
2-2: Foul Ball, location: 2F
2-2: Fly out, F7 (Flyball, 7S, EV 86.2 MPH)
Bottom of the 1st over - 1 run, 2 hits, 0 errors, 1 left on base; Chesapeake 4 - Phoenix Hotspur 1
TOP OF THE 2ND
Chesapeake Continentals batting - Pitching for Phoenix Hotspur Youth : RHP José Correa
Batting: RHB Lenny Penaligan 0-0: Called Strike
0-1: Ground out 5-3 (Groundball, 5, EV 86.2 MPH)
Batting: SHB Bob McDougle 0-0: Called Strike
0-1: Ball
1-1: Foul Ball, location: 2F
1-2: Ball
2-2: Ball
3-2: Foul Ball, location: 2F
3-2: Ground out 6-3 (Groundball, 4M, EV 84.4 MPH)
Batting: LHB Conor Gotaas 0-0: Foul Ball, location: 2F
0-1: Foul Ball, location: 2F
0-2: Ball
1-2: Ball
2-2: Ball
3-2: Ground out 4-3 (Groundball, 4, EV 90.0 MPH)
Top of the 2nd over - 0 runs, 0 hits, 0 errors, 0 left on base; Chesapeake 4 - Phoenix Hotspur 1
BOTTOM OF THE 2ND
Phoenix Hotspur Youth batting - Pitching for Chesapeake Continentals : RHP Brian Gardner
Batting: LHB Keith York 0-0: Fly out, F4 (Popup, 34, EV 61.2 MPH)
Batting: RHB Wilbert Hall 0-0: Ground out 5-3 (Groundball, 56, EV 83.8 MPH)
Batting: RHB Hal Larson 0-0: Called Strike
0-1: SINGLE (Groundball, 6MD, EV 96.9 MPH)
Batting: RHB Pedro Marín 0-0: Ball
1-0: Ground out 1-3 (Groundball, 34S, EV 88.1 MPH)
Bottom of the 2nd over - 0 runs, 1 hit, 0 errors, 1 left on base; Chesapeake 4 - Phoenix Hotspur 1
TOP OF THE 3RD
Chesapeake Continentals batting - Pitching for Phoenix Hotspur Youth : RHP José Correa
Batting: RHB Adam Smith 0-0: Foul Ball, location: 2F
0-1: Foul Ball, location: 2F
0-2: DOUBLE (Line Drive, 89M, EV 89.4 MPH)
Batting: RHB Lorenzo Varela 0-0: Swinging Strike
0-1: Called Strike
0-2: Ball
1-2: Fly out, F8 (Flyball, 8RD, EV 98.8 MPH)
Batting: LHB Bud Randall 0-0: Ball
1-0: Called Strike
1-1: Foul Ball, location: 2F
1-2: Ball
2-2: Foul Ball, location: 2F
2-2: Ground out U3 (Groundball, 3, EV 105.0 MPH)
Adam Smith to third
Batting: RHB Manuel Márquez 0-0: Ball
1-0: Called Strike
1-1: Fly out, F9 (Flyball, 9, EV 88.8 MPH)
Top of the 3rd over - 0 runs, 1 hit, 0 errors, 1 left on base; Chesapeake 4 - Phoenix Hotspur 1
BOTTOM OF THE 3RD
Phoenix Hotspur Youth batting - Pitching for Chesapeake Continentals : RHP Brian Gardner
Batting: LHB Damian Alldred 0-0: Ball
1-0: Called Strike
1-1: Called Strike
1-2: Ground out 4-3 (Groundball, 4, EV 103.1 MPH)
Batting: LHB Carel Oskamp 0-0: Ball
1-0: Ball
2-0: Ball
3-0: Called Strike
3-1: Called Strike
3-2: Foul Ball, location: 2F
3-2: Ground out 5-3 (Groundball, 56S, EV 88.1 MPH)
Batting: RHB Peer Kattenberg 0-0: Ball
1-0: Foul Ball, location: 2F
1-1: SINGLE (Flyball, 6MD, EV 93.8 MPH)
Batting: LHB Pancho Coloma 0-0: Ball
1-0: Foul Ball, location: 2F
1-1: Ball
2-1: Foul Ball, location: 2F
2-2: Fielders Choice at 2nd, 6-4 (Groundball, 6, EV 86.9 MPH)
Bottom of the 3rd over - 0 runs, 1 hit, 0 errors, 1 left on base; Chesapeake 4 - Phoenix Hotspur 1
TOP OF THE 4TH
Chesapeake Continentals batting - Pitching for Phoenix Hotspur Youth : RHP José Correa
Batting: RHB Pat Hopkins 0-0: Called Strike
0-1: Called Strike
0-2: Strikes out swinging
Batting: RHB Maurício Calabaa 0-0: Ball
1-0: Called Strike
1-1: Called Strike
1-2: Ball
2-2: Foul Ball, location: 2F
2-2: Ball
3-2: Base on Balls
Batting: RHB Lenny Penaligan 0-0: Called Strike
0-1: Ball
1-1: Foul Ball, location: 2F
1-2: Ball
2-2: Foul Ball, location: 2F
2-2: Foul Ball, location: 2F
2-2: Foul Ball, location: 2F
2-2: Strikes out looking
Batting: SHB Bob McDougle 0-0: Foul Ball, location: 2F
0-1: Foul Ball, location: 2F
0-2: Ball
1-2: Ball
2-2: Foul Ball, location: 2F
2-2: Ball
3-2: SINGLE (Groundball, 3D, EV 103.8 MPH)
Maurício Calabaa to second
Maurício Calabaa to third
Batting: LHB Conor Gotaas 0-0: Called Strike
0-1: Swinging Strike
0-2: Strikes out swinging
Top of the 4th over - 0 runs, 1 hit, 0 errors, 2 left on base; Chesapeake 4 - Phoenix Hotspur 1
BOTTOM OF THE 4TH
Phoenix Hotspur Youth batting - Pitching for Chesapeake Continentals : RHP Brian Gardner
Batting: RHB Nathan Pruitt 0-0: Ball
1-0: Foul Ball, location: 2F
1-1: Ball
2-1: Swinging Strike
2-2: Ball
3-2: Fly out, F7 (Flyball, 78D, EV 106.2 MPH)
Batting: LHB Keith York 0-0: Fly out, F8 (Flyball, 8LD, EV 97.5 MPH)
Batting: RHB Wilbert Hall 0-0: Ball
1-0: Foul Ball, location: 2F
1-1: Called Strike
1-2: Fly out, F7 (Line Drive, 78M, EV 92.5 MPH)
Bottom of the 4th over - 0 runs, 0 hits, 0 errors, 0 left on base; Chesapeake 4 - Phoenix Hotspur 1
TOP OF THE 5TH
Chesapeake Continentals batting - Pitching for Phoenix Hotspur Youth : RHP José Correa
Batting: RHB Adam Smith 0-0: Swinging Strike
0-1: Ground out 6-3 (Groundball, 6, EV 86.2 MPH)
Batting: RHB Lorenzo Varela 0-0: Ball
1-0: Ground out 6-3 (Groundball, 6S, EV 65.6 MPH)
Batting: LHB Bud Randall 0-0: Foul Ball, location: 2F
0-1: Ball
1-1: Ball
2-1: DOUBLE (Groundball, 3L, EV 108.1 MPH)
Batting: RHB Manuel Márquez 0-0: Ball
1-0: Foul Ball, location: 2F
1-1: Ball
2-1: Foul Ball, location: 2F
2-2: SINGLE (Groundball, 6D, EV 95.0 MPH)
Bud Randall to third
Runner from 3rd tries for Home, SAFE, no throw by CF
Batting: RHB Pat Hopkins 0-0: Ball
1-0: Called Strike
1-1: SINGLE (Groundball, 4MD, EV 95.6 MPH)
Manuel Márquez to second
Batting: RHB Maurício Calabaa 0-0: Ball
1-0: Ball
2-0: Ball
3-0: Called Strike
3-1: Ground out U3 (Groundball, 34S, EV 73.1 MPH)
Top of the 5th over - 1 run, 3 hits, 0 errors, 2 left on base; Chesapeake 5 - Phoenix Hotspur 1
BOTTOM OF THE 5TH
Phoenix Hotspur Youth batting - Pitching for Chesapeake Continentals : RHP Brian Gardner
Batting: RHB Hal Larson 0-0: Swinging Strike
0-1: Ball
1-1: Foul Ball, location: 2F
1-2: Ball
2-2: SINGLE (Flyball, 8LS, EV 94.4 MPH)
Batting: RHB Pedro Marín 0-0: Fly out, F7 (Flyball, 7, EV 80.6 MPH)
Batting: LHB Damian Alldred 0-0: Called Strike
0-1: Foul Ball, location: 2F
0-2: Ball
1-2: Strikes out swinging
Batting: LHB Carel Oskamp 0-0: Ball
1-0: Ball
2-0: Foul Ball, location: 2F
2-1: Ground out 3-1 (Groundball, 34, EV 81.9 MPH)
Bottom of the 5th over - 0 runs, 1 hit, 0 errors, 1 left on base; Chesapeake 5 - Phoenix Hotspur 1
TOP OF THE 6TH
Chesapeake Continentals batting - Pitching for Phoenix Hotspur Youth : RHP José Correa
Pitching: RHP Derek Jones
Batting: RHB Lenny Penaligan 0-0: Ball
1-0: Ball
2-0: Ball
3-0: Base on Balls
Batting: SHB Bob McDougle 0-0: Bunt - Flyout to P! F1
Batting: LHB Conor Gotaas 0-0: Called Strike
0-1: Ball
1-1: Foul Ball, location: 2F
1-2: Foul Ball, location: 2F
1-2: Fielders Choice at 2nd, 4-6 (Groundball, 4, EV 105.0 MPH)
Batting: RHB Adam Smith 0-0: Ball
1-0: Called Strike
1-1: Swinging Strike
1-2: Fly out, F5 (Popup, 56S, EV 73.1 MPH)
Top of the 6th over - 0 runs, 0 hits, 0 errors, 1 left on base; Chesapeake 5 - Phoenix Hotspur 1
BOTTOM OF THE 6TH
Phoenix Hotspur Youth batting - Pitching for Chesapeake Continentals : RHP Brian Gardner
Batting: RHB Peer Kattenberg 0-0: Called Strike
0-1: Called Strike
0-2: Fly out, F8 (Flyball, 8RM, EV 71.2 MPH)
Batting: LHB Pancho Coloma 0-0: Called Strike
0-1: Swinging Strike
0-2: Strikes out swinging
Batting: RHB Nathan Pruitt 0-0: Foul Ball, location: 2F
0-1: Ball
1-1: Ball
2-1: Ball
3-1: Called Strike
3-2: Base on Balls
Batting: LHB Keith York 0-0: Called Strike
0-1: Fielders Choice at 2nd, 6-4 (Groundball, 56, EV 106.2 MPH)
Bottom of the 6th over - 0 runs, 0 hits, 0 errors, 1 left on base; Chesapeake 5 - Phoenix Hotspur 1
TOP OF THE 7TH
Chesapeake Continentals batting - Pitching for Phoenix Hotspur Youth : RHP Derek Jones
Batting: RHB Lorenzo Varela 0-0: Ball
1-0: Foul Ball, location: 2F
1-1: Ball
2-1: Ball
3-1: Foul Ball, location: 2F
3-2: Fly out, F9 (Line Drive, 9D, EV 85.6 MPH)
Batting: LHB Bud Randall 0-0: Ball
1-0: Ball
2-0: Ball
3-0: Base on Balls
Batting: RHB Manuel Márquez 0-0: Fly out, F8 (Line Drive, 8LD, EV 98.8 MPH)
Batting: RHB Pat Hopkins 0-0: Ball
1-0: Ball
2-0: Called Strike
2-1: Fly out, F9 (Flyball, 9S, EV 83.8 MPH)
Top of the 7th over - 0 runs, 0 hits, 0 errors, 1 left on base; Chesapeake 5 - Phoenix Hotspur 1
BOTTOM OF THE 7TH
Phoenix Hotspur Youth batting - Pitching for Chesapeake Continentals : RHP Brian Gardner
Batting: RHB Wilbert Hall 0-0: Called Strike
0-1: Foul Ball, location: 2F
0-2: Ground out 6-3 (Groundball, 6, EV 81.9 MPH)
Batting: RHB Hal Larson 0-0: Foul Ball, location: 2F
0-1: Ball
1-1: SINGLE (Groundball, 56D, EV 106.9 MPH)
Batting: RHB Pedro Marín 0-0: Ball
1-0: Called Strike
1-1: Foul Ball, location: 2F
1-2: Ball
2-2: Foul Ball, location: 2F
2-2: SINGLE (Groundball, 56D, EV 98.8 MPH)
Hal Larson to second
Pitching: LHP Miracle Popoola
Batting: LHB Damian Alldred 0-0: Foul Ball, location: 2F
0-1: Foul Ball, location: 2F
0-2: Ball
1-2: Ball
2-2: Ball
3-2: Base on Balls
Hal Larson to third
Pedro Marín to second
Batting: LHB Carel Oskamp 0-0: Swinging Strike
0-1: Ball
1-1: Foul Ball, location: 2F
1-2: Ball
2-2: Foul Ball, location: 2F
2-2: Foul Ball, location: 2F
2-2: Reached on error, E4 (Groundball, 4, EV 91.9 MPH)
Hal Larson scores
Pedro Marín to third
Damian Alldred to second
Batting: RHB Peer Kattenberg 0-0: Called Strike
0-1: Ball
1-1: Ball
2-1: SINGLE (Groundball, 4, EV 86.9 MPH) (infield hit)
Pedro Marín scores
Damian Alldred to third
Carel Oskamp to second
Batting: LHB Pancho Coloma 0-0: Ball
1-0: SINGLE (Flyball, 9S, EV 95.0 MPH)
Damian Alldred scores
Carel Oskamp to third
Peer Kattenberg to second
Runner from 3rd tries for Home, SAFE, throw by RF to home
Batting: RHB Nathan Pruitt 0-0: Ball
1-0: Called Strike
1-1: Foul Ball, location: 2F
1-2: Ball
2-2: Ball
3-2: Foul Ball, location: 2F
3-2: Foul Ball, location: 2F
3-2: Strikes out swinging
Batting: LHB Keith York 0-0: Ball
1-0: Swinging Strike
1-1: Ball
2-1: Swinging Strike
2-2: Ball
3-2: DOUBLE (Line Drive, 7LM, EV 103.8 MPH)
Peer Kattenberg scores
Pancho Coloma to third
Pancho Coloma scores
Pitching: RHP Jason Todd
Batting: RHB Wilbert Hall 0-0: Called Strike
0-1: Foul Ball, location: 2F
0-2: Foul Ball, location: 2F
0-2: Ball
1-2: Ball
2-2: Ball
3-2: SINGLE (Groundball, 4MD, EV 105.0 MPH)
Keith York to third
Keith York scores
Batting: RHB Hal Larson 0-0: Swinging Strike
0-1: Ball
1-1: Swinging Strike
1-2: Ball
2-2: Ball
3-2: Strikes out swinging
Bottom of the 7th over - 7 runs, 6 hits, 1 error, 1 left on base; Chesapeake 5 - Phoenix Hotspur 8
TOP OF THE 8TH
Chesapeake Continentals batting - Pitching for Phoenix Hotspur Youth : RHP Derek Jones
Batting: RHB Maurício Calabaa 0-0: Ball
1-0: Called Strike
1-1: Ball
2-1: Foul Ball, location: 2F
2-2: Ground out 6-3 (Groundball, 6, EV 99.4 MPH)
Batting: RHB Lenny Penaligan 0-0: Ball
1-0: Ball
2-0: Called Strike
2-1: Ball
3-1: Fly out, F9 (Flyball, 89S, EV 82.5 MPH)
Batting: SHB Bob McDougle 0-0: Ball
1-0: Ball
2-0: Fly out, F7 (Flyball, 78M, EV 83.8 MPH)
Top of the 8th over - 0 runs, 0 hits, 0 errors, 0 left on base; Chesapeake 5 - Phoenix Hotspur 8
BOTTOM OF THE 8TH
Phoenix Hotspur Youth batting - Pitching for Chesapeake Continentals : RHP Jason Todd
Batting: RHB Pedro Marín 0-0: Called Strike
0-1: Ball
1-1: Ball
2-1: Fly out, F5 (Line Drive, 5, EV 71.2 MPH)
Batting: LHB Damian Alldred 0-0: Called Strike
0-1: Called Strike
0-2: Foul Ball, location: 2F
0-2: Ball
1-2: Ball
2-2: Foul Ball, location: 2F
2-2: Ball
3-2: Ground out 4-3 (Groundball, 4, EV 86.2 MPH)
Batting: LHB Carel Oskamp 0-0: Ball
1-0: Swinging Strike
1-1: Ball
2-1: Ball
3-1: Base on Balls
Batting: RHB Peer Kattenberg 0-0: Called Strike
0-1: Ball
1-1: Fly out, F8 (Flyball, 8RD, EV 99.4 MPH)
Bottom of the 8th over - 0 runs, 0 hits, 0 errors, 1 left on base; Chesapeake 5 - Phoenix Hotspur 8
TOP OF THE 9TH
Chesapeake Continentals batting - Pitching for Phoenix Hotspur Youth : RHP Derek Jones
Pitching: LHP Neal Burns
Batting: LHB Conor Gotaas 0-0: Called Strike
0-1: Foul Ball, location: 2F
0-2: Ball
1-2: TRIPLE (Line Drive, 89XD, EV 103.1 MPH)
Batting: RHB Adam Smith 0-0: Ball
1-0: Foul Ball, location: 2F
1-1: Ground out 5-3 (Groundball, 56, EV 84.4 MPH)
Conor Gotaas scores
Batting: RHB Lorenzo Varela 0-0: Called Strike
0-1: Foul Ball, location: 2F
0-2: Fly out, F7 (Flyball, 7LM, EV 93.8 MPH)
Batting: LHB Bud Randall 0-0: Foul Ball, location: 2F
0-1: Foul Ball, location: 2F
0-2: SINGLE (Groundball, 34D, EV 98.1 MPH)
Batting: RHB Manuel Márquez 0-0: SINGLE (Groundball, 56D, EV 103.8 MPH)
Bud Randall to second
Batting: RHB Pat Hopkins 0-0: Ball
1-0: Called Strike
1-1: Foul Ball, location: 2F
1-2: Ground out 1-3 (Groundball, 34S, EV 66.9 MPH)
Top of the 9th over - 1 run, 3 hits, 0 errors, 2 left on base; Chesapeake 6 - Phoenix Hotspur 8
Thursday, January 23rd, 2020 - OOTP Baseball 20.8 Build 74